 Dungeon Crawl Stone Soup version 0.26-a0-576-gcfaa98f945 (webtiles) character file.

Game seed: 10218042955303141209

121 Descartes the Magician (level 4, 0/24 HPs)
             Began as a Deep Elf Hedge Wizard on Aug 22, 2020.
             Slain by Blork the orc
             ... wielding a +0 flail
              (5 damage)
             ... on level 4 of the Dungeon.
             The game lasted 00:04:06 (3405 turns).

Descartes the Magician (Deep Elf Hedge Wizard)      Turns: 3405, Time: 00:04:06

Health: 0/24       AC:  2    Str:  7    XL:     4   Next: 76%
Magic:  10/13      EV: 13    Int: 20    God:
Gold:   219        SH:  0    Dex: 14    Spells: 13/14 levels left

rFire    . . .     SeeInvis .   p - +0 mace (venom)
rCold    . . .     Faith    .   (no shield)
rNeg     . . .     Spirit   .   b - +0 robe
rPois    .         Reflect  .   c - +0 hat
rElec    .         Harm     .   (no cloak)
rCorr    .                      (no gloves)
MR       .....                  (no boots)
Stlth    +++.......             s - amulet of magic regeneration
HPRegen  0.08/turn              (no ring)
MPRegen  0.38/turn              (no ring)

@: no status effects
A: no striking features
a: no special abilities


You were on level 4 of the Dungeon.
You visited 1 branch of the dungeon, and saw 4 of its levels.

You collected 219 gold pieces.

Inventory:

Hand Weapons
 a - a +0 dagger
 p - a +0 mace of venom (weapon)
Missiles
 h - 112 arrows
 i - 139 stones (quivered)
 j - 6 javelins
 k - 25 poisoned darts
 t - a throwing net
Armour
 b - a +0 robe (worn)
 c - a +0 hat (worn)
Jewellery
 s - an amulet of magic regeneration (around neck)
Wands
 v - a wand of random effects (8)
Scrolls
 e - 5 scrolls of identify {unknown}
 m - a scroll of teleportation {unknown}
 q - 3 scrolls of remove curse {unknown}
Potions
 d - a potion of heal wounds {unknown}
 f - 3 potions of flight {unknown}
 g - 3 potions of degeneration {unknown}
 l - 3 potions of stabbing {unknown}
 n - a potion of curing {unknown}
 o - a potion of invisibility {unknown}
 r - 2 potions of haste {unknown}
 u - a potion of berserk rage {unknown}


   Skills:
 - Level 2.4 Dodging
 + Level 4.3 Stealth
 + Level 5.6 Spellcasting
 + Level 2.9 Conjurations
   Level 1.1 Summonings
   Level 1.1 Translocations


You had 13 spell levels left.
You knew the following spells:

 Your Spells              Type           Power        Failure   Level
a - Magic Dart            Conj           ###.         3%          1

Your spell library contained the following spells:

 Spells                   Type           Power        Failure   Level
 Blink                    Tloc           N/A          11%         2
 Call Imp                 Summ           ##......     11%         2
 Slow                     Hex            #.......     16%         2
 Conjure Flame            Conj/Fire      ##......     19%         3
 Mephitic Cloud           Conj/Pois/Air  #.......     22%         3


Dungeon Overview and Level Annotations

Branches:
Dungeon (4/15)
 Temple: D:4-7

Altars:
Hepliaklqana
Wu Jian
Yredelemnul

Annotations:
D:4 Blork the orc


Message History

Blork the orc points at you and mumbles some strange words.
The puff of frost misses you.
Casting: Magic Dart (safe; 3% risk of failure)
Confirm with . or Enter, or press ? or * to list all spells.
Aiming: Magic Dart (safe; 3% risk of failure)
Press: ? - help, Shift-Dir - straight line, f - Blork the orc
Aim: Blork the orc, wielding a +0 flail and wearing a +0 robe (moderately wounded, fast)
The magic dart hits Blork the orc.
Blork the orc is moderately wounded.
Blork the orc completely misses you.
Unknown command.
Casting: Magic Dart (safe; 3% risk of failure)
Confirm with . or Enter, or press ? or * to list all spells.
Aiming: Magic Dart (safe; 3% risk of failure)
Press: ? - help, Shift-Dir - straight line, f/p - Blork the orc
Aim: Blork the orc, wielding a +0 flail and wearing a +0 robe (moderately wounded, fast)
The magic dart hits Blork the orc.
Blork the orc is heavily wounded.
Blork the orc hits you with a +0 flail.
You die...

########## ####### #........#
#.....# #........# #.....#
+........# #.....# #........#
#.....# #........# #.....#
#.<......#####.....#########
#.............)......†......
............@o...............
....########...................
...... #...................
...... #...................
..... #...........######..
.#### #...........'....###
#...........#....#>.
#......######....#.. ###+####
...#..


You could see Blork the orc (fast).

Vanquished Creatures
  5 adders
  2 worms (D:2)
  A dart slug (D:3)
  5 leopard geckos
  3 orcs
  2 giant cockroaches
  4 goblins
  9 hobgoblins
  2 jackals (D:3)
  2 quokkas (D:2)
  8 bats
  4 frilled lizards
  5 kobolds
  12 rats
64 creatures vanquished.

Notes
Turn   | Place    | Note
-------+----------+-------------------------------------------
     0 | D:1      | Descartes the Deep Elf Hedge Wizard began the quest for the
                  | Orb.
     0 | D:1      | Reached XP level 1. HP: 10/10 MP: 7/7
   354 | D:1      | Reached XP level 2. HP: 15/15 MP: 7/9
  1094 | D:2      | Reached XP level 3. HP: 19/19 MP: 7/11
  1096 | D:2      | Reached skill level 5 in Spellcasting
  2355 | D:3      | Found an ornate altar of the Wu Jian Council.
  2355 | D:3      | Found a hazy altar of Hepliaklqana.
  2554 | D:3      | Reached XP level 4. HP: 24/24 MP: 7/13
  2875 | D:3      | Found a basalt altar of Yredelemnul.
  3388 | D:4      | Noticed Blork the orc
  3405 | D:4      | Slain by Blork the orc

Illustrated notes

Levels and vault maps discovered:
D:1:      dpeg_arrival_round_c, layout_loops_ring, minivault_11
D:2:      layout_loops_ring, serial_glass, glass_columns_c, glass_columns_b,
          minmay_tripent
D:3:      layout_basic, gammafunk_temple_overflow_elements,
          nicolae_overflow_hidden_temple, minmay_misc_feat_encased,
          minmay_quadrilaterals
D:4:      layout_gridville, nicolae_underground_beach, uniq_robin, uniq_sigmund,
          uniq_blork_the_orc

Skill      XL: |  1  2  3  4 |
---------------+-------------+-----
Stealth        | 3 4 |  4.3
Conjurations   | 2 |  2.9
Spellcasting   | 5 |  5.6
Dodging        | |  2.4
Summonings     | |  1.1
Translocations | |  1.1

Action                   |  1- 3 |  4- 6 || total
-------------------------+-------+-------++-------
 Cast: Magic Dart        |   132 |    66 ||   198
Armor: Robe              |     2 |       ||     2
Dodge: Dodged            |    12 |    11 ||    23

Table legend: (Time is in decaauts)
 A = Elapsed time spent in this place.
 B = Non-inter-level travel time spent in this place.
 C = Inter-level travel time spent in this place.
 D = Time resting spent in this place.
 E = Time spent auto-exploring this place.
 F = Levels seen in this place.
 G = Mean time per level.
                   A        B        C        D        E       F      G
               +--------+--------+--------+--------+--------+-----+--------+
         Total |   3405 |   3338 |     67 |      0 |   2970 |   4 |  851.2 |
       Dungeon |   3405 |   3338 |     67 |      0 |   2970 |   4 |  851.2 |
               +--------+--------+--------+--------+--------+-----+--------+

Top non-repeatable levels by time:
     D:2: 1184 daAuts
     D:1: 1167 daAuts
     D:3: 925 daAuts
     D:4: 128 daAuts
